AoeStats
← Cryex

Arabia

503269801Analyzed
2v2 RM · 10d ago on Aug 30, 2026· 37m 52s· 4 players
Game mode
Random Map
Map size
Medium (4 player)
Population
200
Speed
Normal
Resources
Standard
Victory
Conquest
Starting age
Dark Age
Ending age
Imperial Age
RankedLock teamsTeams togetherTeam positionsShared explorationLock speedFull tech treeHidden civsTurbo modeCheats
Victory
Defeat
🇦🇷 Vietnamese · Argentina
905
+13
🇦🇷 Mongols · Argentina
893
+13
🇧🇷 Huns · Brazil
847
-14
🇧🇷 Teutons · Brazil
822
-13
DiPunisher
0:57 Loom
11:16 Feudal Age
15:15 Arson
16:07 Man-at-Arms
20:07 Double-Bit Axe
26:06 Bloodlines
Cryex
7:41 Loom
10:04 Feudal Age
10:30 Double-Bit Axe
10:29 Horse Collar
22:31 Castle Age
27:30 Forging
27:27 Scale Barding Armor
29:32 Bloodlines
29:23 Husbandry
35:51 Marauders
37:56 Iron Casting
nkz ; banhoul
7:37 Loom
10:15 Feudal Age
10:47 Double-Bit Axe
19:27 Fletching
20:23 Gold Mining
20:20 Horse Collar
23:29 Castle Age
23:11 Wheelbarrow
23:47 Crossbowman
25:44 Bow Saw
27:00 Ballistics
26:39 Bodkin Arrow
26:45 Padded Archer Armor
26:54 Thumb Ring
28:35 Stone Mining
30:59 Leather Archer Armor
31:20 Heavy Plow
joaacocarranza
5:59 Loom
9:06 Feudal Age
17:52 Double-Bit Axe
21:07 Castle Age
22:03 Forging
21:21 Light Cavalry
26:25 Crossbowman
35:18 Scale Barding Armor
35:57 Fletching
36:46 Bodkin Arrow
Connection lost

Rejoining the realm…

Still unreachable

The connection could not be restored.

Session expired

The server has moved on; the page needs a fresh start.